 Dungeon Crawl Stone Soup version 0.26.1-2-gb8aa6d0cf2 (webtiles) character file.

Game seed: 12360883985346830620

29 Groucho the Sneak (level 3, -3/16 HPs)
             Began as a Spriggan Enchanter on Feb 23, 2021.
             Shot with an arrow by a centaur (10 damage)
             ... on level 2 of the Dungeon.
             The game lasted 00:01:48 (1737 turns).

Groucho the Sneak (Spriggan Enchanter)              Turns: 1737, Time: 00:01:48

Health: -3/16      AC:  2    Str:  5    XL:     3   Next: 1%
Magic:  8/8        EV: 18    Int: 16    God:
Gold:   49         SH:  0    Dex: 16    Spells: 1/7 levels left

rFire    . . .     SeeInvis +   a - +1 dagger
rCold    . . .     Faith    .   (shield restricted)
rNeg     . . .     Spirit   .   b - +0 robe
rPois    .         Reflect  .   (helmet restricted)
rElec    .         Harm     .   (no cloak)
rCorr    .         Rampage  .   (gloves unavailable)
Will     .....                  (boots unavailable)
Stlth    +++.......             (no amulet)
HPRegen  0.05/turn              (no ring)
MPRegen  0.11/turn              (no ring)

@: very quick
A: very small, unfitting armour, see invisible, speed 3
a: no special abilities


You were on level 2 of the Dungeon.
You visited 1 branch of the dungeon, and saw 2 of its levels.

You collected 49 gold pieces.

Inventory:

Hand Weapons
 a - a +1 dagger (weapon)
Armour
 b - a +0 robe (worn)


   Skills:
 - Level 1.1 Short Blades
 - Level 3.0 Dodging
 * Level 6.4 Stealth
 - Level 2.6 Spellcasting
 - Level 3.6 Hexes


You had one spell level left.
You knew the following spells:

 Your Spells              Type           Power        Failure   Level
a - Corona                Hex            14%          4%          1
b - Ensorcelled Hibernat  Hex/Ice        14%          14%         2
c - Confusing Touch       Hex            13%          13%         3

Your spell library contained the following spells:

 Spells                   Type           Power        Failure   Level
 Tukima's Dance           Hex            13%          13%         3
 Dazzling Flash           Conj/Hex       14%          28%         3


Dungeon Overview and Level Annotations

Branches:
Dungeon (2/15)

Altars:


Innate Abilities, Weirdness & Mutations

You are very small and have problems with some larger weapons.
You are too small for most types of armour.
You have supernaturally acute eyesight. (SInv)
You cover ground extremely quickly.


Message History

You are too injured to fight recklessly!
You are too injured to fight recklessly!
The helpless frilled lizard fails to defend itself.
You impale the frilled lizard!!
You kill the frilled lizard!
There is a stone staircase leading up here.
You aren't carrying any scrolls.
Unknown command.
You aren't carrying any potions.
Unknown command.
You start resting.
A centaur comes into view.
A centaur is nearby!
A centaur is nearby!
A centaur is nearby!
A centaur is nearby!
The centaur wields a +0 shortbow.
The centaur shoots an arrow.
The arrow hits you!
Ouch! That really hurt!
You die...

#### ....#
....######.....
.............#
.............+
c............#
.............#
.............##
...#+..........
.. +..@.......
# #..........
+..........
#..........
.............
###..#########
#.# #. +.


You could see a centaur.

Vanquished Creatures
  An ooze (D:1)
  A dart slug (D:1)
  2 giant cockroaches
  4 goblins (D:1)
  2 hobgoblins (D:1)
  3 jackals (D:1)
  3 bats (D:1)
  A frilled lizard (D:2)
  A kobold (D:1)
  3 rats (D:1)
21 creatures vanquished.

Notes
Turn   | Place    | Note
-------+----------+-------------------------------------------
     0 | D:1      | Groucho the Spriggan Enchanter began the quest for the Orb.
     0 | D:1      | Reached XP level 1. HP: 9/9 MP: 5/5
   560 | D:1      | Reached skill level 5 in Stealth
   832 | D:1      | Reached XP level 2. HP: 11/13 MP: 6/6
   893 | D:1      | Learned a level 2 spell: Ensorcelled Hibernation
  1149 | D:1      | Reached skill level 6 in Stealth
  1689 | D:2      | Reached XP level 3. HP: 5/16 MP: 8/8
  1693 | D:2      | Learned a level 3 spell: Confusing Touch
  1736 | D:2      | Noticed a centaur
  1737 | D:2      | Shot with an arrow by a centaur

Illustrated notes

Levels and vault maps discovered:
D:1:      minmay_arrival_loop, layout_basic
D:2:      layout_basic, riverfiend_overflow_shadow_ancestor,
          lemuel_doored_altar, minmay_worlds_worst_comb, uniq_terence

Skill      XL: |  1  2 |
---------------+-------+-----
Stealth        | 5 6 |  6.4
Short Blades   | |  1.1
Dodging        | |  3.0
Spellcasting   | |  2.6
Hexes          | |  3.6

Action                   || total
-------------------------++-------
Melee: Dagger            ||   113
 Stab: Sleeping          ||     4
Armor: Robe              ||    15
Dodge: Dodged            ||    85
